 Dungeon Crawl Stone Soup version 0.29.1-2-gbd0b4ee654 (webtiles) character file.

Game seed: 17187177151571595134

613 leafyfresh the Digger (level 7, -3/41 HPs)
             Began as an Octopode Earth Elementalist on Nov 8, 2022.
             Slain by a gnoll sergeant
             ... wielding a +3 spear of freezing
              (4 damage)
             ... on level 5 of the Dungeon.
             The game lasted 00:13:32 (6182 turns).

leafyfresh the Digger (Octopode Earth Elementalist) Turns: 6182, Time: 00:13:33

Health: -3/41      AC:  1    Str:  8    XL:     7   Next: 44%
Magic:  8/10       EV: 14    Int: 19    God:
Gold:   242        SH:  5    Dex: 12    Spells: 6/10 levels left

rFire   . . .      SeeInvis .   c - +0 short sword
rCold   . . .      Faith    .   (no shield)
rNeg    . . .      Spirit   .   (helmet restricted)
rPois   .          Reflect  +   f - amulet of reflection
rElec   .          Harm     .   d - ring of flight
rCorr   .          Rampage  .   (no ring)
Will    .....                   (no ring)
Stlth   ++++......              (no ring)
HPRegen 0.13/turn               (no ring)
MPRegen 0.12/turn               (no ring)
                                (no ring)
                                (no ring)

@: flying
A: almost no armour, amphibious, 8 rings, camouflage 1, gelatinous body 1,
(nimble swimmer 1), tentacles
a: no special abilities


You were on level 5 of the Dungeon.
You visited 1 branch of the dungeon, and saw 5 of its levels.

You collected 242 gold pieces.

Inventory:

Hand Weapons
 c - a +0 short sword (weapon)
Missiles
 s - 2 throwing nets
Armour
 m - a +1 robe of positive energy
Jewellery
 d - a ring of flight (left tentacle)
 f - an amulet of reflection (around mantle)
Wands
 u - a wand of polymorph (9)
Scrolls
 a - a scroll of teleportation
 b - a scroll of identify {unknown}
 i - 2 scrolls of immolation
 j - a scroll of brand weapon {unknown}
 o - a scroll of noise
 p - a scroll of magic mapping {unknown}
 t - a scroll of enchant armour {unknown}
 w - a scroll of butterflies {unknown}
Potions
 e - 2 potions of ambrosia {unknown}
 g - 2 potions of haste {unknown}
 h - 5 potions of curing {unknown}
 l - a potion of degeneration {unknown}
 n - a potion of brilliance {unknown}
 q - 2 potions of mutation {unknown}
 r - a potion of berserk rage {unknown}
 v - 2 potions of lignification {unknown}


   Skills:
 + Level 3.4 Dodging
 + Level 4.9 Stealth
 - Level 2.0 Spellcasting
 - Level 1.1 Transmutations
 - Level 3.1 Air Magic
 - Level 6.3 Earth Magic


You had 6 spell levels left.
You knew the following spells:

 Your Spells              Type           Power      Damage    Failure   Level
a - Sandblast             Erth           52%        2d12      1%          1
b - Swiftness             Air            14%        N/A       14%         3

Your spell library contained the following spells:

 Spells                   Type           Power      Damage    Failure   Level
 Passwall                 Tmut/Erth      13%        N/A       5%          2
 Shock                    Conj/Air       28%        1d4       9%          1
 Stone Arrow              Conj/Erth      26%        3d8       14%         3
 Petrify                  Tmut/Erth      16%        N/A       36%         4
 Ignite Poison            Fire/Tmut/Pois 3%         N/A       41%         3
 Airstrike                Air            7%         2d(1-17)  41%         4
 Conjure Flame            Conj/Fire      1%         6-21      45%         3
 Sticky Flame             Conj/Fire      1%         2d3       86%         4


Dungeon Overview and Level Annotations

Branches:
Dungeon (5/15)
 Temple: D:4-7

Altars:
Ashenzari
Gozag
Kikubaaqudgha
Okawaru
Yredelemnul
The Shining One


Innate Abilities, Weirdness & Mutations

You cannot wear most types of armour.
You are amphibious.
You can wear up to eight rings at the same time.
Your skin changes colour to match your surroundings (Stealth+).
Your rubbery body absorbs attacks. (AC +1, EV +1)
((You are camouflaged when in or above water. (Stealth+)))
You have tentacles for arms and can constrict up to eight enemies at once.


Message History

What are your orders? t - Shout!
Orders for allies: a - Attack new target. r - Retreat! s - Stop attacking. g - Guard the area. f - Follow me.
Anything else - Cancel.
Okay, then.
Sorry, you're not good enough to have a special ability.
Unknown command.
Casting: Sandblast (safe; 1% risk of failure)
Confirm with . or Enter, or press ? or * to list all spells.
You don't know that spell.
Sorry, you're not good enough to have a special ability.
Unknown command.
Unknown command.
Unknown command.
Casting: Sandblast (safe; 1% risk of failure)
Confirm with . or Enter, or press ? or * to list all spells.
Aiming: Sandblast (safe; 1% risk of failure)
Press: ? - help, Shift-Dir - straight line, f - gnoll
Aim: a gnoll, wielding a +0 spear (85% to hit)
The blast of sand hits the gnoll.
The gnoll is heavily wounded.
The gnoll misses you.
The gnoll hits you from afar with a +0 spear.
Casting: Sandblast (safe; 1% risk of failure)
Confirm with . or Enter, or press ? or * to list all spells.
Aiming: Sandblast (safe; 1% risk of failure)
Press: ? - help, Shift-Dir - straight line, f/p - gnoll
Aim: a gnoll, wielding a +0 spear (heavily wounded, 85% to hit)
The blast of sand hits the gnoll!
You kill the gnoll!
The gnoll sergeant hits you from afar with a +3 spear of freezing!
The gnoll sergeant freezes you.
Sorry, you're not good enough to have a special ability.
Unknown command.
The gnoll sergeant hits you from afar with a +3 spear of freezing!
* * * LOW HITPOINT WARNING * * *
The gnoll sergeant freezes you.
You die...

......................###.......#
...........#.....................
..........#.............!........
......##..##.....................
.....###........#...............#
.....##..#.#...###..?).)........#
.....##..#.#...g.....#..###......
.....##.##..........##...c#.....#
......#..#......@....#...g.....##
.........÷)......##..#....###..##
PP............)####.....).....hg.
~~~P.........#.# #...........#g.
♣~P~.........#... ............###
♣♣~P......................#....##
♣~................##.....#......
~~P......#.......... .#. #......
~PP..#.#.##.......... # .......


You could see a gnoll sergeant.

Vanquished Creatures
  A black bear (D:4)
  A phantom (D:5)
  A centaur (D:5)
  3 jellies
  An iguana (D:5)
  2 orc wizards (D:5)
  6 adders
  7 gnolls
  A worm (D:3)
  7 dart slugs
  8 orcs
  5 bats
  3 endoplasms
  A giant cockroach (D:4)
  7 hobgoblins
  3 jackals
  6 kobolds
  3 quokkas
  7 ball pythons
  3 frilled lizards
  A goblin (D:2)
  4 rats
81 creatures vanquished.

Notes
Turn   | Place    | Note
-------+----------+-------------------------------------------
     0 | D:1      | leafyfresh the Octopode Earth Elementalist began the quest
                  | for the Orb.
     0 | D:1      | Reached XP level 1. HP: 11/11 MP: 3/3
   110 | D:1      | Reached XP level 2. HP: 17/17 MP: 0/5
   829 | D:1      | Found a faded altar of an unknown god.
   964 | D:2      | Reached XP level 3. HP: 20/21 MP: 2/6
  1052 | D:2      | Reached skill level 4 in Earth Magic
  1429 | D:2      | You are sucked into a shaft and drop 2 floors!
  1429 | D:4      | Found a glowing golden altar of the Shining One.
  1429 | D:4      | Found an iron altar of Okawaru.
  1436 | D:4      | Found an ancient bone altar of Kikubaaqudgha.
  1436 | D:4      | Found an opulent altar of Gozag.
  1443 | D:4      | Found a basalt altar of Yredelemnul.
  1463 | D:4      | Learned a level 3 spell: Swiftness
  1502 | D:4      | Reached XP level 4. HP: 16/27 MP: 3/7
  1736 | D:4      | Reached skill level 5 in Earth Magic
  2087 | D:5      | Entered Level 5 of the Dungeon
  2087 | D:5      | Noticed a phantom
  2106 | D:5      | Killed a phantom
  2107 | D:5      | Reached skill level 6 in Earth Magic
  2107 | D:5      | Reached XP level 5. HP: 7/31 MP: 3/8
  2509 | D:5      | Reached XP level 6. HP: 26/36 MP: 3/9
  2613 | D:5      | Reached skill level 1 in Air Magic
  2755 | D:5      | Noticed a black bear
  3142 | D:4      | Found a broken altar of Ashenzari.
  5761 | D:4      | Killed a black bear
  5762 | D:4      | Reached XP level 7. HP: 41/41 MP: 6/10
  6182 | D:5      | HP: 1/41 [gnoll sergeant/+3 spear of freezing (16)]
  6182 | D:5      | Slain by a gnoll sergeant

Illustrated notes

Levels and vault maps discovered:
D:1:      mrwooster_arrival_statue, layout_basic,
          dreamdust_ecumenical_altar_sealed_demon
D:2:      layout_basic
D:3:      layout_basic, kennysheep_generic_room_9
D:4:      layout_basic, nicolae_overflow_hallway_of_the_gods,
          evilmike_ruin_ashenzari, minmay_cut_off
D:5:      layout_cave_pools, serial_bayou_pond_c

Skill      XL: |  1  2  3  4  5  6  7 |
---------------+----------------------+-----
Earth Magic    | 4 6 |  6.3
Air Magic      | 3 |  3.1
Stealth        | 4 |  4.9
Dodging        | 3 |  3.4
Spellcasting   | |  2.0
Transmutations | |  1.1

Action                   |  1- 3 |  4- 6 |  7- 9 || total
-------------------------+-------+-------+-------++-------
Melee: Constrict         |     8 |     8 |       ||    16
       Unarmed           |     2 |       |       ||     2
       Tentacles         |     5 |     7 |       ||    12
       Short sword       |    24 |    23 |       ||    47
       Punch             |     1 |       |       ||     1
 Cast: Sandblast         |    26 |    63 |    19 ||   108
       Swiftness         |       |     2 |       ||     2
  Use: Potion            |       |     3 |       ||     3
       Scroll            |       |       |     3 ||     3
 Stab: Sleeping          |     1 |     2 |       ||     3
Armor: Skin              |     2 |     3 |     1 ||     6
Dodge: Dodged            |    25 |    48 |    16 ||    89
Block: Other             |     5 |    17 |     5 ||    27
       Reflection        |       |       |     1 ||     1
